 Dungeon Crawl Stone Soup version bcrawl-1.18.1 (webtiles) character file.

Game seed: 6336562313473011752

812 Mrkan the Ruffian (level 7, -6/71 HPs)
             Began as a Troll Monk on Nov 5, 2019.
             Was a Believer of Yredelemnul.
             Mangled by a yak (8 damage)
             ... on level 5 of the Dungeon.
             The game lasted 00:06:13 (4054 turns).

Mrkan the Ruffian (Troll Monk)                      Turns: 4054, Time: 00:06:13

Health: -6/71      AC:  7    Str: 23    XL:     7   Next: 61%
Magic:  0/6        EV: 10    Int:  8    God:    Yredelemnul [**....]
Gold:   274        SH:  0    Dex: 12    Spells: 4/6 levels left

rFire    . . .     SeeInvis +     - Unarmed
rCold    . . .     Gourm    +   (no shield)
rNeg     . . .     Faith    .   (armour unavailable)
rPois    .         Spirit   +   a - +0 hat
rElec    .         Reflect  .   q - scarf {repulsion}
rCorr    .         Harm     .   (gloves unavailable)
MR       .....                  (boots unavailable)
Stlth    ++........             b - amulet of guardian spirit
HPRegen  0.61/turn              (no ring)
MPRegen  0.10/turn              (no ring)

@: repel missiles
A: large, almost no armour, unfitting armour, claws 3, horns 1, see invisible,
fast metabolism 3, gourmand, low mp 1, regeneration 1, strong 1, AC +7
a: Animate Remains, Recall Undead Slaves, Injury Mirror, Renounce Religion


You were on level 5 of the Dungeon.
You worshipped Yredelemnul.
Yredelemnul was pleased with you.
You were full.

You visited 1 branch of the dungeon, and saw 5 of its levels.

You collected 406 gold pieces.
You spent 132 gold pieces at shops.

Inventory:

Missiles
 o - 55 poisoned tomahawks (quivered)
 v - 44 tomahawks
Armour
 a - a +0 hat (worn)
 n - a +0 cloak
 q - a scarf of repulsion (worn)
Jewellery
 b - an amulet of guardian spirit (around neck)
 i - an uncursed ring of resist corrosion {unknown}
 l - an uncursed ring of poison resistance {unknown}
 x - a cursed ring of teleportation {unknown}
Wands
 u - a wand of polymorph (7)
Scrolls
 d - 2 scrolls of enchant weapon {unknown}
 e - 4 scrolls of teleportation {unknown}
 f - 2 scrolls of remove curse {unknown}
 g - 6 scrolls of identify {unknown}
 k - 3 scrolls of magic mapping {unknown}
 p - a scroll of blinking {unknown}
 s - 3 scrolls of fog {unknown}
 w - a scroll of summoning {unknown}
Potions
 j - a potion of mutation
 m - a potion of magic
 r - a potion of might {unknown}
 t - a potion of haste {unknown}
Comestibles
 c - 4 rations {!d}


   Skills:
 + Level 4.7 Fighting
 - Level 2.4 Dodging
 - Level 1.1 Stealth
 * Level 7.7 Unarmed Combat
 - Level 2.0 Invocations


You had 4 spell levels left.
You knew the following spells:

 Your Spells              Type           Power        Failure   Level  Hunger
a - Call Imp              Summ           #.....       54%         2    ###....

Your spell library contained the following spells:

 Spells                   Type           Power        Failure   Level  Hunger
 Magic Dart               Conj           #...         41%         1    ##.....
 Blink                    Tloc           N/A          54%         2    ###....
 Conjure Flame            Conj/Fire      #.......     78%         3    ####...
 Mephitic Cloud           Conj/Pois/Air  #.......     78%         3    ####...
 Spider Form              Tmut/Pois      #..          78%         3    ####...


Dungeon Overview and Level Annotations

Branches:
Dungeon (5/12)
 Temple: D:4-7

Altars:
Ashenzari
Hepliaklqana
Qazlal
Sif Muna
Xom
Yredelemnul

Shops:
D:4 [


Innate Abilities, Weirdness & Mutations

You cannot wear most types of armour.
Your thick skin is tough. (AC +7)
You are too large for most types of armour.
You have claws for hands.
Your metabolism is lightning-fast.
You like to eat raw meat.
Your natural rate of healing is unusually fast.
You have a pair of small horns on your head.
You have supernaturally acute eyesight. (SInv)
Your magical capacity is low. (-10% MP)
Your muscles are strong. (Str +2)


Message History

The killer bee stings you but does no damage.
The yak barely misses you. The killer bee barely misses you.
The yak barely misses you.
Your wight closely misses the killer bee.
You barely miss the killer bee. Your claw misses the killer bee.
The killer bee is lightly wounded.
You feel sick. The killer bee completely misses you. The killer bee stings you.
The killer bee closely misses you. The yak gores you!
* * * LOW HITPOINT WARNING * * *
The yak gores your wight!
The killer bee stings you but does no damage.
Your wight barely misses the yak.
Unknown command.
You feel better. The killer bee closely misses you.
The killer bee stings you but does no damage.
The killer bee barely misses you. The yak gores you!
* * * LOW HITPOINT WARNING * * *
The yak gores you!
You die...
Your body rises from the dead as a mindless zombie.

...#...............#.........#...
...#.........>.....#.........'...
...#...............#...).....#...
...##....####.....###..##...##...
'####....####.....###..#######...
...#........).....#....# .......
...#........).....#....# ........
...#........).....'....# ...##...
...#...........y@z#....# ... #...
...#...........YyY#....# .. +....
...####..##...##YY####.# ##...
...# ##########..# .# #... .....
.. .... #...... .. .... #......
.... #...... ....


You could see 4 yaks, 2 killer bees and a friendly wight.

Vanquished Creatures
  3 ogres
  A water moccasin skeleton (D:4)
  2 killer bees (D:5)
  2 crimson imps (D:4)
  An orc priest (D:4)
  Jessica (D:3)
  An iguana (D:3)
  3 orc wizards
  A hound zombie (D:3)
  3 adders
  An ooze (D:2)
  4 worms
  3 dart slugs
  2 leopard geckos (D:1)
  10 orcs
  4 ball pythons
  5 bats
  3 giant cockroaches
  3 goblins
  2 hobgoblins (D:2)
  5 jackals
  A quokka (D:3)
  3 frilled lizards
  5 kobolds
  A quokka skeleton (D:4)
  4 rats
74 creatures vanquished.

Vanquished Creatures (collateral kills)
  A hungry ghost (D:5)
  An orc wizard (D:5)
  Ijyb (D:5)
  A shadow imp (D:5)
  4 orcs
8 creatures vanquished.

Vanquished Creatures (others)
  Terence (D:2)
  A mummy (D:4)
  Robin (D:2)
  6 goblins (D:2)
  4 hobgoblins (D:2)
13 creatures vanquished.

Grand Total: 95 creatures vanquished

Notes
Turn   | Place    | Note
-------+----------+-------------------------------------------
     0 | D:1      | Mrkan the Troll Monk began the quest for the Orb.
     0 | D:1      | Reached XP level 1. HP: 22/22 MP: 1/1
   390 | D:1      | Reached XP level 2. HP: 29/29 MP: 2/2
  1139 | D:2      | Reached XP level 3. HP: 26/36 MP: 3/3
  1337 | D:2      | Killed Terence
  1424 | D:2      | Killed Robin
  1451 | D:2      | Reached skill level 4 in Unarmed Combat
  1993 | D:2      | Gained mutation: Your natural rate of healing is unusually
                  | fast. [Troll growth]
  1993 | D:2      | Reached XP level 4. HP: 44/45 MP: 4/4
  2491 | D:3      | Gained mutation: Your muscles are strong. (Str +2) [potion
                  | of mutation]
  2491 | D:3      | Gained mutation: You have supernaturally acute eyesight.
                  | (SInv) [potion of mutation]
  2491 | D:3      | Gained mutation: Your magical capacity is low. (-10% MP)
                  | [potion of mutation]
  2491 | D:3      | Gained mutation: You have a pair of small horns on your
                  | head. [potion of mutation]
  2496 | D:3      | HP: 2/45 [poisoned by a kobold]
  2635 | D:3      | Found a shattered altar of Ashenzari.
  2638 | D:3      | Found a basalt altar of Yredelemnul.
  2648 | D:3      | Found a stormy altar of Qazlal.
  2651 | D:3      | Found a shimmering altar of Xom.
  2664 | D:3      | Became a worshipper of Yredelemnul the Dark
  2664 | D:3      | Reached * piety under Yredelemnul
  2664 | D:3      | Reached ** piety under Yredelemnul
  3024 | D:3      | Noticed Jessica
  3036 | D:3      | Killed Jessica
  3036 | D:3      | Reached skill level 5 in Unarmed Combat
  3036 | D:3      | Reached XP level 5. HP: 48/53 MP: 2/4
  3054 | D:3      | Found a shimmering blue altar of Sif Muna.
  3228 | D:4      | Noticed an ogre
  3233 | D:4      | Killed an ogre
  3233 | D:4      | Reached XP level 6. HP: 52/62 MP: 3/5
  3270 | D:4      | Found Viuvvan's Armour Shop.
  3284 | D:4      | Reached skill level 6 in Unarmed Combat
  3304 | D:4      | Bought a scarf of repulsion for 132 gold pieces
  3568 | D:4      | Reached XP level 7. HP: 68/70 MP: 6/6
  3714 | D:5      | Entered Level 5 of the Dungeon
  3737 | D:5      | Noticed Ijyb
  3745 | D:5      | Killed Ijyb
  3757 | D:5      | Learned a level 2 spell: Call Imp
  3799 | D:5      | Noticed a hungry ghost
  3809 | D:5      | Reached skill level 7 in Unarmed Combat
  3810 | D:5      | Killed a hungry ghost
  3937 | D:5      | Found a hazy altar of Hepliaklqana.
  4041 | D:5      | Noticed a yak
  4041 | D:5      | Noticed a yak
  4042 | D:5      | Noticed a yak
  4044 | D:5      | Noticed a yak
  4054 | D:5      | HP: 2/71 [yak (15)]
  4054 | D:5      | Mangled by a yak

Skill      XL: |  1  2  3  4  5  6  7 |
---------------+----------------------+-----
Unarmed Combat | 4 5 6 7 |  7.7
Fighting       | 3 4 |  4.7
Dodging        | |  2.4
Stealth        | |  1.1
Invocations    | |  2.0

Action                   |  1- 3 |  4- 6 |  7- 9 || total
-------------------------+-------+-------+-------++-------
Melee: Unarmed           |    83 |    79 |    28 ||   190
       Punch             |     2 |     2 |     1 ||     5
       Headbutt          |       |    11 |       ||    11
 Cast: Call Imp          |       |       |     1 ||     1
  Use: Potion            |       |     7 |     1 ||     8
 Stab: Sleeping          |     5 |     1 |     1 ||     7
  Eat: Chunk             |    17 |     7 |     8 ||    32
       Ration            |       |       |     1 ||     1
Armor: Skin              |    30 |    27 |    27 ||    84
Dodge: Dodged            |    44 |    31 |    35 ||   110
       Deflected         |       |       |     2 ||     2
